Anaheim Ducks vs Vegas Golden Knights
Created - Sunday, December 31, 2023 at 07:19
Goals
|
| Anaheim Ducks |
0 |
0 |
1 |
0 |
1 |
| Vegas Golden Knights |
0 |
1 |
0 |
1 |
2 |
|
Shots
|
| Anaheim Ducks |
14 |
8 |
10 |
3 |
35 |
| Vegas Golden Knights |
14 |
8 |
8 |
5 |
35 |
|
1st period
No Goal
Penalties :
No Penalty
2nd period
1. Vegas Golden Knights , Jordan Staal 1 (Eric Staal 1) at 12:50 (SH)
Penalties :
Sean Monahan (VGK) for Roughing (Minor) at 3:01, Marc Staal (VGK) for Interference (Minor) at 7:48, Vince Dunn (VGK) for Tripping (Minor) at 12:44, Travis Hamonic (VGK) for Interference (Minor) at 18:06
3rd period
2. Anaheim Ducks , Max Domi 2 (Chandler Stephenson 3, Calle Jarnkrok 5) at 13:05
Penalties :
John Tavares (ANA) for Close Hand On Puck (Minor) at 7:52, Sean Couturier (VGK) for Tripping (Minor) at 15:56
Overtime #1
3. Vegas Golden Knights , Chris Kreider 6 (Tyler Bertuzzi 5, Alexandar Georgiev) at 2:49 (PP)
Penalties :
John Tavares (ANA) for Hooking (Minor) at 1:40
Goalie Stats
Linus Ullmark (ANA), 33 saves from 35 shots - (0.943), OTL, 7-2-2, 62:49 minutes
Alexandar Georgiev (VGK), 34 saves from 35 shots - (0.971), W, 5-4-0, 62:49 minutes
Players Stats for Anaheim Ducks
Player Name G A P +/- PIM S H SB GA TA FO MP PP MP PK MP
------------------------------------------------------------------------------------
Alex Killorn 0 0 0 1 0 1 2 1 1 0 0/2 18:27 4:03 1:45
Brayden Schenn 0 0 0 0 0 3 1 0 0 0 1/1 15:42 4:04 0:24
Brenden Dillon 0 0 0 1 0 3 0 3 0 1 0/0 23:14 4:01 1:40
Calle Jarnkrok 0 1 1 0 0 0 0 0 1 0 0/0 10:08 0:03 0:00
Chandler Stephenson 0 1 1 1 0 0 0 2 1 0 14/23 18:33 4:03 1:56
Esa Lindell 0 0 0 0 0 0 0 1 0 0 0/0 22:32 4:38 1:40
Ivan Provorov 0 0 0 0 0 3 0 0 0 0 0/0 18:33 1:18 1:27
J.T. Compher 0 0 0 0 0 0 1 1 0 0 2/6 12:25 0:03 1:01
Jakob Chychrun 0 0 0 0 0 2 1 0 0 1 0/0 22:13 4:36 0:00
John Tavares 0 0 0 -1 4 4 2 0 1 0 15/23 22:22 5:48 0:00
Josh Manson 0 0 0 0 0 2 2 2 0 2 0/0 17:17 0:00 1:27
Joshua Morrissey 0 0 0 -1 0 1 1 2 0 0 0/0 21:49 5:17 0:00
Mark Scheifele 0 0 0 -1 0 1 2 1 2 0 0/1 22:03 5:49 0:00
Mason Marchment 0 0 0 0 0 1 0 1 0 0 1/1 9:31 0:00 0:00
Max Domi 1 0 1 1 0 5 0 0 0 0 0/0 12:36 0:03 0:07
Nazem Kadri 0 0 0 0 0 2 0 0 1 1 2/4 9:50 0:00 0:00
Teuvo Teravainen 0 0 0 0 0 4 0 1 0 0 0/0 11:45 0:00 1:01
William Nylander 0 0 0 -1 0 3 0 0 1 1 0/2 21:56 5:49 0:00
Players Stats for Vegas Golden Knights
Player Name G A P +/- PIM S H SB GA TA FO MP PP MP PK MP
------------------------------------------------------------------------------------
Andrew Peeke 0 0 0 0 0 0 2 4 1 2 0/0 26:18 0:00 5:03
Chris Kreider 1 0 1 -1 0 4 1 0 0 1 0/0 16:48 1:40 0:24
Eric Staal 0 1 1 1 0 2 2 0 0 0 4/7 14:13 0:00 4:44
Joe Pavelski 0 0 0 -1 0 3 2 1 0 0 1/3 16:24 1:40 0:00
John Marino 0 0 0 0 0 0 0 1 0 0 0/0 15:51 1:24 1:35
Jordan Staal 1 0 1 1 0 2 0 0 0 0 10/17 18:24 0:00 4:44
Lars Eller 0 0 0 0 0 1 1 1 0 0 4/9 14:06 0:00 4:47
Marc Staal 0 0 0 0 2 2 1 0 0 0 0/0 19:41 0:00 4:01
Marc-Edouard Vlasic 0 0 0 1 0 0 2 1 0 1 0/0 18:28 0:00 5:27
Nikolaj Ehlers 0 0 0 0 0 3 2 2 0 0 0/1 19:56 1:24 4:47
Reilly Smith 0 0 0 0 0 4 3 0 1 1 0/0 14:11 1:43 0:24
Rickard Rakell 0 0 0 0 0 4 0 0 3 2 0/0 14:56 1:27 0:00
Sean Couturier 0 0 0 0 2 2 0 1 0 0 4/11 12:04 0:00 0:00
Sean Monahan 0 0 0 -1 2 2 4 1 0 0 5/14 16:11 1:27 0:00
Travis Hamonic 0 0 0 -1 2 1 2 1 0 0 0/0 19:28 0:00 3:44
Tyler Bertuzzi 0 1 1 0 0 1 2 0 1 0 0/1 13:44 1:40 0:00
Victor Olofsson 0 0 0 0 0 2 0 0 0 0 0/0 10:30 1:27 0:00
Vince Dunn 0 0 0 0 2 2 2 2 0 1 0/0 22:52 1:43 0:00
3 Stars
1 - Alexandar Georgiev (VGK)
2 - Linus Ullmark (ANA)
3 - Jordan Staal (VGK)
Power Play
Anaheim Ducks - 0 on 5 Attempt(s) - 0.00%
Vegas Golden Knights - 1 on 2 Attempt(s) - 50.00%
Penalty Kill
Anaheim Ducks - 1 on 2 Attempt(s) - 50.00%
- Score 0 goal in Penalty Kill
Vegas Golden Knights - 5 on 5 Attempt(s) - 100.00%
- Score 1 goal in Penalty Kill
Team Stat
Anaheim Ducks - Hits : 12 - Faceoff Wins : 35 - Blocked Shots : 15 - Penalty Minutes : 4
Vegas Golden Knights - Hits : 26 - Faceoff Wins : 28 - Blocked Shots : 15 - Penalty Minutes : 10
Official
Referees : Francis Charron and Tom Chmielewski
Linesman : David Brisebois and Mark Shewchyk
Game Notes
No Game Note
Finance
Level 1 -- Attendance: 6000 (100.00%) -- Ticket Income $570,000
Level 2 -- Attendance: 5000 (100.00%) -- Ticket Income $275,000
Level 3 -- Attendance: 3000 (100.00%) -- Ticket Income $90,000
Level 4 -- Attendance: 5000 (100.00%) -- Ticket Income $100,000
Luxury Box -- Attendance: 1000 (100.00%) -- Ticket Income $190,000
Game was played at the T-Mobile Arena.
Total Attendance: 20000 (100.00%)
Total Ticket Income: $1,225,000
Other Income: $428,750
Total Income: $1,653,750
Anaheim Ducks
5 vs 5 Forward
Center Left Wing Right Wing Time % Phy DF OF
1 John Tavares William Nylander Mark Scheifele 40 1 2 2
2 Chandler Stephenson Alex Killorn Max Domi 30 1 2 2
3 J.T. Compher Teuvo Teravainen Brayden Schenn 20 1 2 2
4 Nazem Kadri Mason Marchment Calle Jarnkrok 10 1 2 2
5 vs 5 Defense
Defense Defense Time % Phy DF OF
1 Esa Lindell Joshua Morrissey 35 1 2 2
2 Brenden Dillon Jakob Chychrun 35 1 2 2
3 Ivan Provorov Josh Manson 30 1 2 2
4 Esa Lindell Ivan Provorov 0 1 2 2
PowerPlay Forward
Center Left Wing Right Wing Time % Phy DF OF
1 John Tavares William Nylander Mark Scheifele 60 1 0 4
2 Chandler Stephenson Alex Killorn Brayden Schenn 40 1 0 4
PowerPlay Defense
Defense Defense Time % Phy DF OF
1 Joshua Morrissey Jakob Chychrun 55 1 2 2
2 Esa Lindell Brenden Dillon 45 1 2 2
Penalty Kill 4 Players Forward
Center Wing Time % Phy DF OF
1 Chandler Stephenson Alex Killorn 55 1 3 1
2 J.T. Compher Teuvo Teravainen 45 1 3 1
Penalty Kill 4 Players Defense
Defense Defense Time % Phy DF OF
1 Esa Lindell Brenden Dillon 50 1 3 1
2 Ivan Provorov Josh Manson 50 1 3 1
Penalty Kill - 3 Players Forward
Forward Time % Phy DF OF
1 Alex Killorn 50 1 3 1
2 J.T. Compher 50 1 3 1
Penalty Kill - 3 Players Defense
Defense Defense Time % Phy DF OF
1 Esa Lindell Brenden Dillon 50 1 3 1
2 Ivan Provorov Josh Manson 50 1 3 1
4 vs 4 Forward
Center Wing Time % Phy DF OF
1 John Tavares William Nylander 50 1 2 2
2 Max Domi Mark Scheifele 50 1 2 2
4 vs 4 Defense
Defense Defense Time % Phy DF OF
1 Esa Lindell Josh Manson 50 1 2 2
2 Brenden Dillon Joshua Morrissey 50 1 2 2
Last Minutes Offensive
Center Left Wing Right Wing Defense Defense
John Tavares William Nylander Mark Scheifele Joshua Morrissey Jakob Chychrun
Last Minutes Defensive
Center Left Wing Right Wing Defense Defense
Chandler Stephenson Alex Killorn Teuvo Teravainen Brenden Dillon Esa Lindell
Goaltenders
Starting : Linus Ullmark
Backup : Jack Campbell
Extra Forwards
Normal : William Nylander, John Tavares, Mark Scheifele - PP : William Nylander, Mark Scheifele - PK : Alex Killorn
Extra Defensemen
Normal : Brenden Dillon, Esa Lindell, Ivan Provorov - PP : Joshua Morrissey - PK : Esa Lindell, Josh Manson
Penalty Shots
William Nylander, Teuvo Teravainen, Mark Scheifele, Calle Jarnkrok, Alex Killorn
Vegas Golden Knights
5 vs 5 Forward
Center Left Wing Right Wing Time % Phy DF OF
1 Sean Monahan Chris Kreider Joe Pavelski 30 1 2 2
2 Jordan Staal Nikolaj Ehlers Rickard Rakell 30 1 2 2
3 Sean Couturier Tyler Bertuzzi Reilly Smith 25 1 2 2
4 Lars Eller Eric Staal Victor Olofsson 15 1 2 2
5 vs 5 Defense
Defense Defense Time % Phy DF OF
1 Vince Dunn Andrew Peeke 30 1 2 2
2 Marc Staal Travis Hamonic 30 1 2 2
3 Marc-Edouard Vlasic John Marino 25 1 2 2
4 Andrew Peeke Vince Dunn 15 1 2 2
PowerPlay Forward
Center Left Wing Right Wing Time % Phy DF OF
1 Joe Pavelski Chris Kreider Tyler Bertuzzi 50 1 2 2
2 Sean Monahan Rickard Rakell Victor Olofsson 50 1 2 2
PowerPlay Defense
Defense Defense Time % Phy DF OF
1 Reilly Smith Vince Dunn 50 1 2 2
2 Nikolaj Ehlers John Marino 50 1 2 2
Penalty Kill 4 Players Forward
Center Wing Time % Phy DF OF
1 Lars Eller Nikolaj Ehlers 50 1 2 2
2 Eric Staal Jordan Staal 50 1 2 2
Penalty Kill 4 Players Defense
Defense Defense Time % Phy DF OF
1 Andrew Peeke Travis Hamonic 50 1 2 2
2 Marc-Edouard Vlasic Marc Staal 50 1 2 2
Penalty Kill - 3 Players Forward
Forward Time % Phy DF OF
1 Lars Eller 50 1 2 2
2 Jordan Staal 50 1 2 2
Penalty Kill - 3 Players Defense
Defense Defense Time % Phy DF OF
1 Andrew Peeke Travis Hamonic 50 1 2 2
2 Eric Staal Marc Staal 50 1 2 2
4 vs 4 Forward
Center Wing Time % Phy DF OF
1 Joe Pavelski Chris Kreider 50 1 2 2
2 Sean Monahan Reilly Smith 50 1 2 2
4 vs 4 Defense
Defense Defense Time % Phy DF OF
1 Andrew Peeke Travis Hamonic 50 1 2 2
2 Vince Dunn John Marino 50 1 2 2
Last Minutes Offensive
Center Left Wing Right Wing Defense Defense
Joe Pavelski Chris Kreider Nikolaj Ehlers Vince Dunn John Marino
Last Minutes Defensive
Center Left Wing Right Wing Defense Defense
Lars Eller Jordan Staal Eric Staal Marc Staal Andrew Peeke
Goaltenders
Starting : Alexandar Georgiev
Backup : Philipp Grubauer
Extra Forwards
Normal : Reilly Smith, Joe Pavelski, Chris Kreider - PP : Victor Olofsson, Sean Couturier - PK : Reilly Smith
Extra Defensemen
Normal : Marc Staal, Andrew Peeke, Vince Dunn - PP : Travis Hamonic - PK : John Marino, Andrew Peeke
Penalty Shots
Rickard Rakell, Sean Monahan, Nikolaj Ehlers, Joe Pavelski, Chris Kreider
% Time on Ice - Anaheim Ducks
Lines # - Real PCT - Wanted PCT - Time Play
Normal Forward
1 - 33% - 40% - 16:34
2 - 26% - 30% - 12:58
3 - 22% - 20% - 10:44
4 - 19% - 10% - 9:31
Normal Defense
1 - 33% - 35% - 16:26
2 - 34% - 35% - 16:51
3 - 32% - 30% - 15:45
4 - 2% - 0% - 0:45
PP Forward
1 - 59% - 60% - 5:52
2 - 41% - 40% - 4:03
PP Defense
1 - 53% - 55% - 5:17
2 - 47% - 45% - 4:38
PK Forward
1 - 67% - 55% - 2:06
2 - 33% - 45% - 1:01
PK Defense
1 - 53% - 50% - 1:40
2 - 47% - 50% - 1:27
PK3 Forward
1 - 0% - 50%
2 - 0% - 50%
PK3 Defense
1 - 0% - 50%
2 - 0% - 50%
44 Forward
1 - 0% - 50%
2 - 0% - 50%
44 Defense
1 - 0% - 50%
2 - 0% - 50%
Last Minute Offensive - 0:00
Last Minute Defensive - 0:00
Total
Forward - 62:49
Defense - 62:49
|
% Time on Ice - Vegas Golden Knights
Lines # - Real PCT - Wanted PCT - Time Play
Normal Forward
1 - 30% - 30% - 14:45
2 - 27% - 30% - 13:40
3 - 24% - 25% - 12:04
4 - 19% - 15% - 9:18
Normal Defense
1 - 30% - 30% - 15:07
2 - 32% - 30% - 15:41
3 - 26% - 25% - 12:51
4 - 12% - 15% - 6:08
PP Forward
1 - 53% - 50% - 1:40
2 - 47% - 50% - 1:27
PP Defense
1 - 55% - 50% - 1:43
2 - 45% - 50% - 1:24
PK Forward
1 - 50% - 50% - 4:57
2 - 50% - 50% - 4:58
PK Defense
1 - 51% - 50% - 5:03
2 - 49% - 50% - 4:52
PK3 Forward
1 - 0% - 50%
2 - 0% - 50%
PK3 Defense
1 - 0% - 50%
2 - 0% - 50%
44 Forward
1 - 0% - 50%
2 - 0% - 50%
44 Defense
1 - 0% - 50%
2 - 0% - 50%
Last Minute Offensive - 0:00
Last Minute Defensive - 0:00
Total
Forward - 62:49
Defense - 62:49
|
Play-by-Play
1st period
0:01 of 1st period - Sean Monahan wins face-off versus John Tavares in neutral zone.
0:27 of 1st period - Off-side.
0:28 of 1st period - Jordan Staal wins face-off versus Chandler Stephenson in neutral zone.
0:34 of 1st period - Icing by Brenden Dillon.
0:35 of 1st period - Sean Couturier wins face-off versus Chandler Stephenson in Anaheim Ducks zone.
0:38 of 1st period - Snap shot by Reilly Smith.
0:38 of 1st period - Stopped by Linus Ullmark with a rebound.
0:40 of 1st period - Wrist shot by Marc Staal.
0:40 of 1st period - Deflect By Reilly Smith.
0:40 of 1st period - Shot Blocked by Brenden Dillon.
0:40 of 1st period - Puck is out of play.
0:41 of 1st period - Sean Couturier wins face-off versus J.T. Compher in Anaheim Ducks zone.
1:12 of 1st period - Calle Jarnkrok is hit by Eric Staal and loses puck.
1:35 of 1st period - Wrist shot by Joe Pavelski.
1:35 of 1st period - Shot Misses the Net.
1:41 of 1st period - Wrist shot by Joe Pavelski.
1:41 of 1st period - Shot Misses the Net.
1:43 of 1st period - Wrist shot by Sean Monahan.
1:43 of 1st period - Deflect By Joe Pavelski.
1:43 of 1st period - Stopped by Linus Ullmark without a rebound.
1:44 of 1st period - Jordan Staal wins face-off versus John Tavares in Anaheim Ducks zone.
1:49 of 1st period - Wrist shot by Nikolaj Ehlers.
1:49 of 1st period - Shot Misses the Net.
1:53 of 1st period - Wrist shot by Rickard Rakell.
1:53 of 1st period - Deflect By Jordan Staal.
1:53 of 1st period - Shot Misses the Net.
1:53 of 1st period - Puck is out of play.
1:54 of 1st period - Jordan Staal wins face-off versus William Nylander in Anaheim Ducks zone.
1:55 of 1st period - Wrist shot by Rickard Rakell.
1:55 of 1st period - Stopped by Linus Ullmark without a rebound.
1:56 of 1st period - John Tavares wins face-off versus Jordan Staal in Anaheim Ducks zone.
2:21 of 1st period - Marc Staal is hit by Alex Killorn and loses puck.
3:37 of 1st period - Snap shot by Joe Pavelski.
3:37 of 1st period - Shot Misses the Net.
4:09 of 1st period - Snap shot by Sean Monahan.
4:09 of 1st period - Stopped by Linus Ullmark without a rebound.
4:10 of 1st period - Jordan Staal wins face-off versus Chandler Stephenson in Anaheim Ducks zone.
4:17 of 1st period - Snap shot by Rickard Rakell.
4:17 of 1st period - Deflect By Nikolaj Ehlers.
4:17 of 1st period - Stopped by Linus Ullmark with a rebound.
4:19 of 1st period - Snap shot by Nikolaj Ehlers.
4:19 of 1st period - Shot Misses the Net.
4:21 of 1st period - Slapshot by Marc Staal.
4:21 of 1st period - Stopped by Linus Ullmark with a rebound.
4:23 of 1st period - Slapshot by Marc Staal.
4:23 of 1st period - Stopped by Linus Ullmark without a rebound.
4:24 of 1st period - Lars Eller wins face-off versus Alex Killorn in Anaheim Ducks zone.
4:53 of 1st period - Off-side.
4:54 of 1st period - Jordan Staal wins face-off versus J.T. Compher in neutral zone.
5:41 of 1st period - Wrist shot by Rickard Rakell.
5:41 of 1st period - Stopped by Linus Ullmark without a rebound.
5:42 of 1st period - John Tavares wins face-off versus Sean Couturier in Anaheim Ducks zone.
5:49 of 1st period - John Tavares is hit by Reilly Smith.
7:20 of 1st period - Wrist shot by William Nylander.
7:20 of 1st period - Deflect By John Tavares.
7:20 of 1st period - Stopped by Alexandar Georgiev with a rebound.
8:13 of 1st period - Wrist shot by William Nylander.
8:13 of 1st period - Stopped by Alexandar Georgiev with a rebound.
8:49 of 1st period - Icing by Josh Manson.
8:50 of 1st period - John Tavares wins face-off versus Nikolaj Ehlers in Anaheim Ducks zone.
8:59 of 1st period - Backhand shot by William Nylander.
8:59 of 1st period - Shot Blocked by Marc-Edouard Vlasic.
9:21 of 1st period - Snap shot by Chandler Stephenson.
9:21 of 1st period - Shot Misses the Net.
9:37 of 1st period - Marc Staal is hit by Brayden Schenn and loses puck.
9:42 of 1st period - Wrist shot by Teuvo Teravainen.
9:42 of 1st period - Stopped by Alexandar Georgiev without a rebound.
9:43 of 1st period - Chandler Stephenson wins face-off versus Jordan Staal in Vegas Golden Knights zone.
9:44 of 1st period - Snap shot by Max Domi.
9:44 of 1st period - Stopped by Alexandar Georgiev without a rebound.
9:45 of 1st period - Chandler Stephenson wins face-off versus Jordan Staal in Vegas Golden Knights zone.
10:21 of 1st period - Snap shot by Victor Olofsson.
10:21 of 1st period - Deflect By Lars Eller.
10:21 of 1st period - Stopped by Linus Ullmark without a rebound.
10:22 of 1st period - Chandler Stephenson wins face-off versus Sean Monahan in Anaheim Ducks zone.
10:22 of 1st period - Chandler Stephenson is hit by Joe Pavelski.
10:38 of 1st period - Snap shot by Max Domi.
10:38 of 1st period - Stopped by Alexandar Georgiev with a rebound.
10:57 of 1st period - Jordan Staal is hit by Jakob Chychrun.
11:35 of 1st period - Snap shot by Nazem Kadri.
11:35 of 1st period - Shot Misses the Net.
11:37 of 1st period - Snap shot by Mason Marchment.
11:37 of 1st period - Stopped by Alexandar Georgiev without a rebound.
11:38 of 1st period - Nazem Kadri wins face-off versus Jordan Staal in Vegas Golden Knights zone.
12:02 of 1st period - Wrist shot by Nazem Kadri.
12:02 of 1st period - Shot Blocked by Sean Monahan.
12:24 of 1st period - Snap shot by Calle Jarnkrok.
12:24 of 1st period - Shot Misses the Net.
12:26 of 1st period - Backhand shot by Brenden Dillon.
12:26 of 1st period - Deflect By Nazem Kadri.
12:26 of 1st period - Shot Misses the Net.
12:26 of 1st period - Puck is out of play.
12:27 of 1st period - Jordan Staal wins face-off versus Chandler Stephenson in Vegas Golden Knights zone.
12:40 of 1st period - Snap shot by Rickard Rakell.
12:40 of 1st period - Stopped by Linus Ullmark with a rebound.
12:42 of 1st period - Snap shot by Rickard Rakell.
12:42 of 1st period - Stopped by Linus Ullmark with a rebound.
12:49 of 1st period - Icing by Jakob Chychrun.
12:50 of 1st period - Lars Eller wins face-off versus Chandler Stephenson in Anaheim Ducks zone.
13:21 of 1st period - Backhand shot by Teuvo Teravainen.
13:21 of 1st period - Stopped by Alexandar Georgiev with a rebound.
13:23 of 1st period - Wrist shot by Teuvo Teravainen.
13:23 of 1st period - Shot Misses the Net.
13:27 of 1st period - Slapshot by J.T. Compher.
13:27 of 1st period - Shot Blocked by Andrew Peeke.
13:29 of 1st period - Snap shot by Teuvo Teravainen.
13:29 of 1st period - Shot Blocked by Andrew Peeke.
13:49 of 1st period - Wrist shot by Nazem Kadri.
13:49 of 1st period - Shot Blocked by Andrew Peeke.
14:21 of 1st period - Ivan Provorov is hit by Andrew Peeke.
14:44 of 1st period - Slapshot by Nazem Kadri.
14:44 of 1st period - Stopped by Alexandar Georgiev without a rebound.
14:45 of 1st period - Mason Marchment wins face-off versus Lars Eller in Vegas Golden Knights zone.
15:43 of 1st period - Brenden Dillon is hit by Marc-Edouard Vlasic and loses puck.
16:19 of 1st period - Jakob Chychrun is hit by Travis Hamonic.
16:33 of 1st period - Snap shot by Victor Olofsson.
16:33 of 1st period - Shot Misses the Net.
16:35 of 1st period - Snap shot by Victor Olofsson.
16:35 of 1st period - Stopped by Linus Ullmark without a rebound.
16:36 of 1st period - Sean Monahan wins face-off versus John Tavares in Anaheim Ducks zone.
16:37 of 1st period - Snap shot by Joe Pavelski.
16:37 of 1st period - Stopped by Linus Ullmark with a rebound.
16:54 of 1st period - Josh Manson is hit by Andrew Peeke and loses puck.
17:01 of 1st period - Snap shot by William Nylander.
17:01 of 1st period - Shot Misses the Net.
17:03 of 1st period - Slapshot by Esa Lindell.
17:03 of 1st period - Shot Blocked by Nikolaj Ehlers.
17:05 of 1st period - Snap shot by Esa Lindell.
17:05 of 1st period - Shot Blocked by Vince Dunn.
17:09 of 1st period - Snap shot by Mark Scheifele.
17:09 of 1st period - Deflect By John Tavares.
17:09 of 1st period - Stopped by Alexandar Georgiev with a rebound.
17:11 of 1st period - Wrist shot by Ivan Provorov.
17:11 of 1st period - Stopped by Alexandar Georgiev with a rebound.
17:13 of 1st period - Wrist shot by Ivan Provorov.
17:13 of 1st period - Shot Blocked by Andrew Peeke.
17:15 of 1st period - Wrist shot by William Nylander.
17:15 of 1st period - Shot Misses the Net.
17:17 of 1st period - Slapshot by Ivan Provorov.
17:17 of 1st period - Stopped by Alexandar Georgiev without a rebound.
17:18 of 1st period - Chandler Stephenson wins face-off versus Sean Couturier in Vegas Golden Knights zone.
17:31 of 1st period - Snap shot by Max Domi.
17:31 of 1st period - Deflect By Alex Killorn.
17:31 of 1st period - Stopped by Alexandar Georgiev with a rebound.
17:33 of 1st period - Snap shot by Josh Manson.
17:33 of 1st period - Stopped by Alexandar Georgiev without a rebound.
17:34 of 1st period - Sean Monahan wins face-off versus J.T. Compher in Vegas Golden Knights zone.
18:31 of 1st period - Snap shot by William Nylander.
18:31 of 1st period - Shot Misses the Net.
18:33 of 1st period - Slapshot by Esa Lindell.
18:33 of 1st period - Shot Blocked by John Marino.
18:35 of 1st period - Slapshot by Esa Lindell.
18:35 of 1st period - Shot Blocked by Sean Couturier.
18:51 of 1st period - Snap shot by Teuvo Teravainen.
18:51 of 1st period - Stopped by Alexandar Georgiev with a rebound.
19:03 of 1st period - Slapshot by Reilly Smith.
19:03 of 1st period - Stopped by Linus Ullmark without a rebound.
19:04 of 1st period - Chandler Stephenson wins face-off versus Sean Monahan in Anaheim Ducks zone.
Goals for this period are 0 for Anaheim Ducks vs 0 for Vegas Golden Knights.
Shots for this period are 14 for Anaheim Ducks vs 14 for Vegas Golden Knights.
2nd period
0:01 of 2nd period - Chandler Stephenson wins face-off versus Sean Monahan in neutral zone.
0:36 of 2nd period - Wrist shot by John Tavares.
0:36 of 2nd period - Shot Blocked by Vince Dunn.
0:38 of 2nd period - Slapshot by Esa Lindell.
0:38 of 2nd period - Shot Blocked by Nikolaj Ehlers.
0:40 of 2nd period - Snap shot by William Nylander.
0:40 of 2nd period - Stopped by Alexandar Georgiev without a rebound.
0:41 of 2nd period - J.T. Compher wins face-off versus Sean Couturier in Vegas Golden Knights zone.
0:42 of 2nd period - Backhand shot by Brayden Schenn.
0:42 of 2nd period - Stopped by Alexandar Georgiev without a rebound.
0:43 of 2nd period - J.T. Compher wins face-off versus Sean Couturier in Vegas Golden Knights zone.
3:01 of 2nd period - Minor Penalty to Sean Monahan for Roughing.
3:02 of 2nd period - John Tavares wins face-off versus Lars Eller in Vegas Golden Knights zone.
3:37 of 2nd period - Slapshot by Eric Staal.
3:37 of 2nd period - Shot Misses the Net.
3:49 of 2nd period - Andrew Peeke is hit by John Tavares and loses puck.
5:01 of 2nd period - Penalty to Sean Monahan is over, Sean Monahan is back on ice.
5:15 of 2nd period - Calle Jarnkrok is hit by Sean Monahan and loses puck.
5:28 of 2nd period - Vince Dunn is hit by Josh Manson and loses puck.
5:35 of 2nd period - Brenden Dillon is hit by Travis Hamonic and loses puck.
5:59 of 2nd period - Max Domi is hit by Chris Kreider and loses puck.
6:23 of 2nd period - Esa Lindell is hit by Reilly Smith and loses puck.
6:57 of 2nd period - J.T. Compher is hit by Marc-Edouard Vlasic.
7:48 of 2nd period - Minor Penalty to Marc Staal for Interference.
7:49 of 2nd period - Eric Staal wins face-off versus John Tavares in Vegas Golden Knights zone.
8:05 of 2nd period - Snap shot by William Nylander.
8:05 of 2nd period - Shot Blocked by Lars Eller.
8:25 of 2nd period - Snap shot by Brayden Schenn.
8:25 of 2nd period - Stopped by Alexandar Georgiev without a rebound.
8:26 of 2nd period - John Tavares wins face-off versus Lars Eller in Vegas Golden Knights zone.
8:31 of 2nd period - Wrist shot by John Tavares.
8:31 of 2nd period - Stopped by Alexandar Georgiev with a rebound.
8:33 of 2nd period - Slapshot by Brenden Dillon.
8:33 of 2nd period - Stopped by Alexandar Georgiev with a rebound.
8:35 of 2nd period - Snap shot by Brenden Dillon.
8:35 of 2nd period - Stopped by Alexandar Georgiev without a rebound.
8:36 of 2nd period - Lars Eller wins face-off versus William Nylander in Vegas Golden Knights zone.
8:53 of 2nd period - Snap shot by Mark Scheifele.
8:53 of 2nd period - Shot Misses the Net.
9:24 of 2nd period - Eric Staal is hit by John Tavares and loses puck.
9:37 of 2nd period - Slapshot by Mark Scheifele.
9:37 of 2nd period - Stopped by Alexandar Georgiev without a rebound.
9:38 of 2nd period - Lars Eller wins face-off versus Alex Killorn in Vegas Golden Knights zone.
9:48 of 2nd period - Penalty to Marc Staal is over, Marc Staal is back on ice.
10:05 of 2nd period - Reilly Smith is hit by Joshua Morrissey and loses puck.
10:28 of 2nd period - J.T. Compher is hit by Nikolaj Ehlers and loses puck.
11:10 of 2nd period - Off-side.
11:11 of 2nd period - Nazem Kadri wins face-off versus Lars Eller in neutral zone.
11:48 of 2nd period - Wrist shot by Victor Olofsson.
11:48 of 2nd period - Shot Misses the Net.
11:50 of 2nd period - Snap shot by Eric Staal.
11:50 of 2nd period - Stopped by Linus Ullmark with a rebound.
11:52 of 2nd period - Slapshot by Victor Olofsson.
11:52 of 2nd period - Stopped by Linus Ullmark without a rebound.
11:53 of 2nd period - Jordan Staal wins face-off versus John Tavares in Anaheim Ducks zone.
11:56 of 2nd period - Wrist shot by Rickard Rakell.
11:56 of 2nd period - Shot Misses the Net.
11:58 of 2nd period - Wrist shot by Jordan Staal.
11:58 of 2nd period - Stopped by Linus Ullmark with a rebound.
12:00 of 2nd period - Snap shot by Vince Dunn.
12:00 of 2nd period - Deflect By William Nylander.
12:00 of 2nd period - Stopped by Linus Ullmark without a rebound.
12:01 of 2nd period - John Tavares wins face-off versus Jordan Staal in Anaheim Ducks zone.
12:08 of 2nd period - Snap shot by Rickard Rakell.
12:08 of 2nd period - Shot Misses the Net.
12:10 of 2nd period - Slapshot by Andrew Peeke.
12:10 of 2nd period - Shot Blocked by Mark Scheifele.
12:44 of 2nd period - Minor Penalty to Vince Dunn for Tripping.
12:45 of 2nd period - Eric Staal wins face-off versus John Tavares in Vegas Golden Knights zone.
12:50 of 2nd period - Wrist shot by Eric Staal.
12:50 of 2nd period - Deflect By Jordan Staal.
12:50 of 2nd period - Goal by Jordan Staal - Anaheim Ducks : 0 - Vegas Golden Knights : 1.
12:51 of 2nd period - Eric Staal wins face-off versus John Tavares in neutral zone.
14:44 of 2nd period - Penalty to Vince Dunn is over, Vince Dunn is back on ice.
14:58 of 2nd period - Snap shot by Tyler Bertuzzi.
14:58 of 2nd period - Stopped by Linus Ullmark with a rebound.
15:00 of 2nd period - Wrist shot by Tyler Bertuzzi.
15:00 of 2nd period - Shot Misses the Net.
15:02 of 2nd period - Slapshot by Vince Dunn.
15:02 of 2nd period - Deflect By Joshua Morrissey.
15:02 of 2nd period - Stopped by Linus Ullmark with a rebound.
15:53 of 2nd period - John Tavares is hit by Nikolaj Ehlers and loses puck.
16:08 of 2nd period - Josh Manson is hit by Sean Monahan and loses puck.
16:38 of 2nd period - Brenden Dillon is hit by Eric Staal and loses puck.
17:31 of 2nd period - John Tavares is hit by Marc Staal and loses puck.
17:50 of 2nd period - Wrist shot by Reilly Smith.
17:50 of 2nd period - Shot Blocked by Brenden Dillon.
17:52 of 2nd period - Backhand shot by Travis Hamonic.
17:52 of 2nd period - Stopped by Linus Ullmark without a rebound.
17:53 of 2nd period - Chandler Stephenson wins face-off versus Sean Couturier in Anaheim Ducks zone.
18:06 of 2nd period - Minor Penalty to Travis Hamonic for Interference.
18:07 of 2nd period - John Tavares wins face-off versus Eric Staal in Vegas Golden Knights zone.
18:18 of 2nd period - Slapshot by John Tavares.
18:18 of 2nd period - Stopped by Alexandar Georgiev without a rebound.
18:19 of 2nd period - Eric Staal wins face-off versus Mark Scheifele in Vegas Golden Knights zone.
19:48 of 2nd period - Nikolaj Ehlers is hit by Mark Scheifele.
Goals for this period are 0 for Anaheim Ducks vs 1 for Vegas Golden Knights.
Shots for this period are 8 for Anaheim Ducks vs 8 for Vegas Golden Knights.
3rd period
0:01 of 3rd period - John Tavares wins face-off versus Eric Staal in neutral zone.
0:04 of 3rd period - Slapshot by John Tavares.
0:04 of 3rd period - Shot Misses the Net.
0:06 of 3rd period - Penalty to Travis Hamonic is over, Travis Hamonic is back on ice.
0:12 of 3rd period - Slapshot by Mark Scheifele.
0:12 of 3rd period - Shot Misses the Net.
0:14 of 3rd period - Slapshot by Jakob Chychrun.
0:14 of 3rd period - Stopped by Alexandar Georgiev without a rebound.
0:15 of 3rd period - Chandler Stephenson wins face-off versus Sean Monahan in Vegas Golden Knights zone.
0:26 of 3rd period - Snap shot by Chandler Stephenson.
0:26 of 3rd period - Shot Misses the Net.
0:42 of 3rd period - Mark Scheifele is hit by Vince Dunn and loses puck.
1:56 of 3rd period - Wrist shot by Max Domi.
1:56 of 3rd period - Stopped by Alexandar Georgiev without a rebound.
1:57 of 3rd period - Jordan Staal wins face-off versus Chandler Stephenson in Vegas Golden Knights zone.
2:02 of 3rd period - Slapshot by Vince Dunn.
2:02 of 3rd period - Shot Blocked by Alex Killorn.
2:04 of 3rd period - Wrist shot by Rickard Rakell.
2:04 of 3rd period - Shot Misses the Net.
2:30 of 3rd period - Wrist shot by John Tavares.
2:30 of 3rd period - Shot Misses the Net.
2:32 of 3rd period - Snap shot by Josh Manson.
2:32 of 3rd period - Stopped by Alexandar Georgiev with a rebound.
2:34 of 3rd period - Snap shot by John Tavares.
2:34 of 3rd period - Shot Blocked by Joe Pavelski.
2:46 of 3rd period - Snap shot by Reilly Smith.
2:46 of 3rd period - Stopped by Linus Ullmark with a rebound.
2:48 of 3rd period - Slapshot by Andrew Peeke.
2:48 of 3rd period - Shot Misses the Net.
2:50 of 3rd period - Snap shot by Andrew Peeke.
2:50 of 3rd period - Shot Blocked by Teuvo Teravainen.
2:52 of 3rd period - Snap shot by Sean Couturier.
2:52 of 3rd period - Stopped by Linus Ullmark with a rebound.
3:28 of 3rd period - Snap shot by Victor Olofsson.
3:28 of 3rd period - Shot Blocked by Chandler Stephenson.
3:30 of 3rd period - Slapshot by Lars Eller.
3:30 of 3rd period - Shot Misses the Net.
3:32 of 3rd period - Slapshot by Victor Olofsson.
3:32 of 3rd period - Shot Blocked by Joshua Morrissey.
3:34 of 3rd period - Snap shot by Eric Staal.
3:34 of 3rd period - Stopped by Linus Ullmark with a rebound.
3:36 of 3rd period - Snap shot by Eric Staal.
3:36 of 3rd period - Shot Blocked by Joshua Morrissey.
3:38 of 3rd period - Snap shot by Andrew Peeke.
3:38 of 3rd period - Shot Blocked by Esa Lindell.
5:04 of 3rd period - John Marino is hit by Josh Manson and loses puck.
5:19 of 3rd period - Slapshot by Sean Monahan.
5:19 of 3rd period - Stopped by Linus Ullmark with a rebound.
5:21 of 3rd period - Slapshot by Marc-Edouard Vlasic.
5:21 of 3rd period - Shot Blocked by Brenden Dillon.
5:23 of 3rd period - Snap shot by Marc-Edouard Vlasic.
5:23 of 3rd period - Shot Misses the Net.
5:47 of 3rd period - Teuvo Teravainen is hit by Tyler Bertuzzi and loses puck.
6:00 of 3rd period - Nazem Kadri is hit by Lars Eller.
6:20 of 3rd period - Josh Manson is hit by Sean Monahan and loses puck.
7:05 of 3rd period - Wrist shot by Sean Couturier.
7:05 of 3rd period - Shot Blocked by J.T. Compher.
7:07 of 3rd period - Slapshot by Sean Couturier.
7:07 of 3rd period - Stopped by Linus Ullmark without a rebound.
7:08 of 3rd period - Brayden Schenn wins face-off versus Sean Monahan in Anaheim Ducks zone.
7:19 of 3rd period - Teuvo Teravainen is hit by Joe Pavelski.
7:23 of 3rd period - Joe Pavelski is hit by J.T. Compher and loses puck.
7:52 of 3rd period - Minor Penalty to John Tavares for Close Hand On Puck.
7:53 of 3rd period - Chandler Stephenson wins face-off versus Joe Pavelski in Anaheim Ducks zone.
8:08 of 3rd period - Alex Killorn is hit by Tyler Bertuzzi.
8:20 of 3rd period - J.T. Compher is hit by Sean Monahan and loses puck.
9:52 of 3rd period - Penalty to John Tavares is over, John Tavares is back on ice.
9:56 of 3rd period - Off-side.
9:57 of 3rd period - John Tavares wins face-off versus Lars Eller in neutral zone.
10:00 of 3rd period - Eric Staal is hit by Mark Scheifele and loses puck.
10:44 of 3rd period - Wrist shot by Teuvo Teravainen.
10:44 of 3rd period - Stopped by Alexandar Georgiev without a rebound.
10:45 of 3rd period - John Tavares wins face-off versus Sean Monahan in Vegas Golden Knights zone.
11:27 of 3rd period - Slapshot by Ivan Provorov.
11:27 of 3rd period - Stopped by Alexandar Georgiev without a rebound.
11:28 of 3rd period - Jordan Staal wins face-off versus Chandler Stephenson in Vegas Golden Knights zone.
11:55 of 3rd period - Joshua Morrissey is hit by Reilly Smith and loses puck.
12:06 of 3rd period - Backhand shot by Jakob Chychrun.
12:06 of 3rd period - Shot Misses the Net.
13:03 of 3rd period - Wrist shot by Chandler Stephenson.
13:03 of 3rd period - Shot Misses the Net.
13:05 of 3rd period - Wrist shot by Max Domi.
13:05 of 3rd period - Goal by Max Domi - Anaheim Ducks : 1 - Vegas Golden Knights : 1.
13:06 of 3rd period - John Tavares wins face-off versus Jordan Staal in neutral zone.
13:23 of 3rd period - Snap shot by Joshua Morrissey.
13:23 of 3rd period - Stopped by Alexandar Georgiev with a rebound.
13:42 of 3rd period - Snap shot by Brayden Schenn.
13:42 of 3rd period - Shot Hit the Post.
14:03 of 3rd period - Off-side.
14:04 of 3rd period - John Tavares wins face-off versus Sean Monahan in neutral zone.
14:19 of 3rd period - Wrist shot by William Nylander.
14:19 of 3rd period - Stopped by Alexandar Georgiev without a rebound.
14:20 of 3rd period - Chandler Stephenson wins face-off versus Sean Couturier in Vegas Golden Knights zone.
14:25 of 3rd period - Slapshot by Alex Killorn.
14:25 of 3rd period - Shot Misses the Net.
15:35 of 3rd period - Off-side.
15:36 of 3rd period - Chandler Stephenson wins face-off versus Sean Couturier in neutral zone.
15:45 of 3rd period - Wrist shot by Max Domi.
15:45 of 3rd period - Stopped by Alexandar Georgiev without a rebound.
15:46 of 3rd period - John Tavares wins face-off versus Tyler Bertuzzi in Vegas Golden Knights zone.
15:47 of 3rd period - Snap shot by William Nylander.
15:47 of 3rd period - Shot Misses the Net.
15:56 of 3rd period - Minor Penalty to Sean Couturier for Tripping.
15:57 of 3rd period - John Tavares wins face-off versus Eric Staal in Vegas Golden Knights zone.
17:56 of 3rd period - Penalty to Sean Couturier is over, Sean Couturier is back on ice.
18:05 of 3rd period - Snap shot by Chris Kreider.
18:05 of 3rd period - Stopped by Linus Ullmark without a rebound.
18:06 of 3rd period - Sean Monahan wins face-off versus Nazem Kadri in Anaheim Ducks zone.
18:07 of 3rd period - Wrist shot by Chris Kreider.
18:07 of 3rd period - Shot Blocked by Mason Marchment.
18:09 of 3rd period - Snap shot by Marc Staal.
18:09 of 3rd period - Deflect By Joe Pavelski.
18:09 of 3rd period - Stopped by Linus Ullmark without a rebound.
18:10 of 3rd period - Sean Couturier wins face-off versus Nazem Kadri in Anaheim Ducks zone.
19:35 of 3rd period - Wrist shot by Mason Marchment.
19:35 of 3rd period - Shot Misses the Net.
19:37 of 3rd period - Wrist shot by Nazem Kadri.
19:37 of 3rd period - Stopped by Alexandar Georgiev without a rebound.
19:38 of 3rd period - Sean Couturier wins face-off versus J.T. Compher in Vegas Golden Knights zone.
19:43 of 3rd period - Snap shot by Reilly Smith.
19:43 of 3rd period - Stopped by Linus Ullmark with a rebound.
19:45 of 3rd period - Wrist shot by Tyler Bertuzzi.
19:45 of 3rd period - Shot Misses the Net.
Goals for this period are 1 for Anaheim Ducks vs 0 for Vegas Golden Knights.
Shots for this period are 10 for Anaheim Ducks vs 8 for Vegas Golden Knights.
Overtime #1
0:01 of 1st overtime period - Jordan Staal wins face-off versus John Tavares in neutral zone.
0:26 of 1st overtime period - Joe Pavelski is hit by Alex Killorn and loses puck.
0:47 of 1st overtime period - Slapshot by Jakob Chychrun.
0:47 of 1st overtime period - Stopped by Alexandar Georgiev with a rebound.
0:49 of 1st overtime period - Snap shot by Brenden Dillon.
0:49 of 1st overtime period - Deflect By Tyler Bertuzzi.
0:49 of 1st overtime period - Stopped by Alexandar Georgiev with a rebound.
0:51 of 1st overtime period - Slapshot by Jakob Chychrun.
0:51 of 1st overtime period - Shot Blocked by Travis Hamonic.
0:53 of 1st overtime period - Snap shot by J.T. Compher.
0:53 of 1st overtime period - Shot Misses the Net.
0:55 of 1st overtime period - Snap shot by Brayden Schenn.
0:55 of 1st overtime period - Stopped by Alexandar Georgiev without a rebound.
0:56 of 1st overtime period - John Tavares wins face-off versus Jordan Staal in Vegas Golden Knights zone.
1:11 of 1st overtime period - Wrist shot by Nikolaj Ehlers.
1:11 of 1st overtime period - Deflect By Ivan Provorov.
1:11 of 1st overtime period - Shot Blocked by Josh Manson.
1:11 of 1st overtime period - Puck is out of play.
1:12 of 1st overtime period - Chandler Stephenson wins face-off versus Sean Monahan in Anaheim Ducks zone.
1:40 of 1st overtime period - Minor Penalty to John Tavares for Hooking.
1:41 of 1st overtime period - Sean Monahan wins face-off versus Chandler Stephenson in Anaheim Ducks zone.
1:46 of 1st overtime period - Snap shot by Victor Olofsson.
1:46 of 1st overtime period - Shot Misses the Net.
1:48 of 1st overtime period - Wrist shot by Rickard Rakell.
1:48 of 1st overtime period - Shot Blocked by Chandler Stephenson.
1:50 of 1st overtime period - Wrist shot by Sean Monahan.
1:50 of 1st overtime period - Shot Misses the Net.
1:52 of 1st overtime period - Slapshot by Nikolaj Ehlers.
1:52 of 1st overtime period - Stopped by Linus Ullmark without a rebound.
1:53 of 1st overtime period - Chandler Stephenson wins face-off versus Sean Monahan in Anaheim Ducks zone.
1:53 of 1st overtime period - Chandler Stephenson is hit by Vince Dunn.
2:29 of 1st overtime period - Snap shot by Chris Kreider.
2:29 of 1st overtime period - Stopped by Linus Ullmark with a rebound.
2:31 of 1st overtime period - Snap shot by Chris Kreider.
2:31 of 1st overtime period - Stopped by Linus Ullmark without a rebound.
2:32 of 1st overtime period - Joe Pavelski wins face-off versus Chandler Stephenson in Anaheim Ducks zone.
2:37 of 1st overtime period - Slapshot by Chris Kreider.
2:37 of 1st overtime period - Shot Blocked by Josh Manson.
2:39 of 1st overtime period - Slapshot by Nikolaj Ehlers.
2:39 of 1st overtime period - Stopped by Linus Ullmark without a rebound.
2:40 of 1st overtime period - Chandler Stephenson wins face-off versus Joe Pavelski in Anaheim Ducks zone.
2:49 of 1st overtime period - Slapshot by Chris Kreider.
2:49 of 1st overtime period - Goal by Chris Kreider - Anaheim Ducks : 1 - Vegas Golden Knights : 2.
Goals for this period are 0 for Anaheim Ducks vs 1 for Vegas Golden Knights.
Shots for this period are 3 for Anaheim Ducks vs 5 for Vegas Golden Knights.
Back to the Top